cohdb
Replays
Latest Replays
All Replays
Popular Replays
Top Player Replays
Match Explorer
How It Works
Community
CoH3 Stats
Reddit
Sign in to upload your games and track your stats! →
Sign in with Steam
Match 42708632
Unlisted
Match 42708632
Overview
Messages
Build Orders
End
Selects Australian Defense Battlegroup
Selects Australian Light Infantry Section
Australian Light Infantry Section
Vickers Machine Gun Team
Vickers Machine Gun Team
Construct Section Command Post
Infantry Section
Infantry Section
Selects Defensive Tactics
Infantry Section
Construct Platoon Command Post
Selects Hold the Line!
Construct Field Infirmary
6-pounder Anti-tank Gun Team
Hold the Line!
CMP 15cwt Truck
Selects CMP 15cwt Supply Run
Grenade Package
Vickers Machine Gun Team
Vickers Machine Gun Team
Andy Vio 3
Nubbl0r
0
0
Comments
sign in to comment!
No comments posted yet!